 Dungeon Crawl Stone Soup version 0.28.0-53-g5a82cb258f (webtiles) character file.

Game seed: 12325832811607182060

149305 firemarshallily the Severer (level 17, -5/135 HPs)
             Began as an Octopode Berserker on June 21, 2022.
             Was the Champion of Trog.
             Slain by a merfolk impaler
             ... wielding a +1 trident of flaming
              (11 damage)
             ... on level 3 of the Shoals.
             The game lasted 01:55:55 (32684 turns).

firemarshallily the Severer (Octopode Berserker)   Turns: 32684, Time: 01:55:56

Health: -5/135     AC: 12    Str: 34    XL:     17   Next: 51%
Magic:  20/20      EV: 25    Int: 10    God:    Trog [******]
Gold:   1368       SH:  5    Dex: 20    Spells: 16/16 levels left

rFire   . . .      SeeInvis .   F - +6 battleaxe of Duty {vorpal, rElec rC- Str+5 Stlth-}
rCold   . . .      Faith    .   (shield currently unavailable)
rNeg    . . .      Spirit   .   S - +3 hat of Leaves {Dex+2}
rPois   .          Reflect  +   n - amulet of reflection
rElec   +          Harm     .   d - +4 ring of protection
rCorr   .          Rampage  .   g - +4 ring of slaying
Will    ++++.                   K - +6 ring of strength
Stlth   ++++++....              f - ring of willpower
HPRegen 1.32/turn               O - ring of flight
MPRegen 0.17/turn               e - +4 ring of evasion
                                U - +6 ring of dexterity
                                Z - +4 ring of protection

@: strong-willed, on berserk cooldown, flying, regenerating, slowed, very slow
A: almost no armour, amphibious, 8 rings, camouflage 1, gelatinous body 1,
nimble swimmer 1, tentacles, tentacle spike 1, cold resistance 1
a: Renounce Religion, Berserk, Trog's Hand, Brothers in Arms


You were on level 3 of the Shoals.
You worshipped Trog.
Trog was exalted by your worship.
You visited 4 branches of the dungeon, and saw 26 of its levels.
You also visited: Ossuary, Bailey and Volcano.

You collected 3561 gold pieces.
You spent 2193 gold pieces at shops.

Inventory:

Hand Weapons
 q - the +0 hand axe of Goisegej {protect, rN+ SInv Stlth-}
   (You found it on level 1 of the Shoals)

   It grants its wielder temporary protection when it strikes (+7 to AC).
   rN:        It protects you from negative energy.
   SInv:      It lets you see invisible.
   Stlth:     It makes you less stealthy.
 F - the +6 battleaxe of Duty (weapon) {vorpal, rElec rC- Str+5 Stlth-}
   (You found it in a bailey)

   It inflicts extra damage upon your enemies.
   Str:       It affects your strength (+5).
   rC:        It makes you vulnerable to cold.
   rElec:     It insulates you from electricity.
   Stlth:     It makes you less stealthy.
 X - a +8 antimagic hand axe
Missiles
 l - 10 curare-tipped darts
 r - 72 poisoned darts
 z - 4 javelins (quivered)
 A - 9 throwing nets
 C - 6 datura-tipped darts
Armour
 m - a +2 buckler of reflection
 S - the +3 hat of Leaves (worn) {Dex+2}
   (You acquired it on level 11 of the Dungeon)

   Dex:       It affects your dexterity (+2).
Jewellery
 c - a ring of poison resistance
 d - a +4 ring of protection (left tentacle)
 e - a +4 ring of evasion (on tentacle)
 f - a ring of willpower (on tentacle)
 g - a +4 ring of slaying (right tentacle)
 n - an amulet of reflection (around mantle)
 s - a ring of protection from fire
 K - a +6 ring of strength (on tentacle)
 O - a ring of flight (on tentacle)
 U - a +6 ring of dexterity (on tentacle)
 Z - a +4 ring of protection (on tentacle)
Wands
 a - a wand of acid (5)
 b - a wand of polymorph (12)
 v - a wand of paralysis (18)
 D - a wand of digging (9)
 I - a wand of flame (49)
 L - a wand of mindburst (4)
 R - a wand of charming (16)
 V - a wand of iceblast (11)
Scrolls
 j - 14 scrolls of teleportation
 y - 2 scrolls of fear
 J - a scroll of amnesia {unknown}
 N - 5 scrolls of fog
Potions
 h - 5 potions of resistance
 i - 4 potions of might
 k - 10 potions of lignification
 o - a potion of magic
 p - 3 potions of cancellation
 t - 6 potions of heal wounds
 u - 11 potions of curing
 w - 9 potions of mutation
 x - 4 potions of berserk rage
 B - 6 potions of invisibility
 E - 7 potions of haste
 H - 6 potions of ambrosia
 T - 3 potions of attraction
Miscellaneous
 G - a box of beasts
 W - a phial of floods
 Y - a tin of tremorstones (2/2)


   Skills:
 + Level 18.5 Fighting
 - Level 20.0 Axes
 - Level 1.0 Throwing
 - Level 12.0 Dodging
 - Level 10.0 Stealth
 - Level 5.0 Shields
 + Level 4.7 Invocations
 - Level 5.0 Evocations


You had 16 spell levels left.
You didn't know any spells.
Your spell library contained the following spells:

 Spells                   Type           Power      Damage    Failure   Level
 Beastly Appendage        Tmut           0%         N/A       36%         1
 Slow                     Hex            0%         N/A       36%         1
 Blink                    Tloc           0%         N/A       50%         2
 Corpse Rot               Necr/Air       0%         N/A       50%         2
 Static Discharge         Conj/Air       0%         N/A       50%         2
 Wereblood                Tmut           0%         N/A       50%         2
 Call Canine Familiar     Summ           0%         N/A       75%         3
 Confusing Touch          Hex            0%         N/A       75%         3
 Conjure Flame            Conj/Fire      0%         6-21      75%         3
 Ignite Poison            Fire/Tmut/Pois 0%         N/A       75%         3
 Inner Flame              Hex/Fire       0%         N/A       75%         3
 Lesser Beckoning         Tloc           0%         N/A       75%         3
 Portal Projectile        Hex/Tloc       0%         N/A       75%         3
 Spider Form              Tmut/Pois      0%         N/A       75%         3
 Vampiric Draining        Necr           0%         2d6       75%         3
 Animate Dead             Necr           0%         N/A       98%         4
 Cause Fear               Hex            0%         N/A       98%         4
 Dispel Undead            Necr           0%         3d6       98%         4
 Fulminant Prism          Conj/Hex       0%         3d6       98%         4
 Hailstorm                Conj/Ice       0%         3d3       98%         4
 Ice Form                 Ice/Tmut       0%         N/A       98%         4
 Iskenderun's Mystic Bla  Conj/Tloc      0%         2d3       98%         4
 Leda's Liquefaction      Hex/Erth       0%         N/A       98%         4
 Petrify                  Tmut/Erth      0%         N/A       98%         4
 Sticky Flame             Conj/Fire      0%         2d3       98%         4
 Borgnjor's Vile Clutch   Necr/Erth      0%         N/A       100%        5
 Fireball                 Conj/Fire      0%         3d3       100%        5
 Lee's Rapid Deconstruct  Erth           0%         3d5*      100%        5
 Manifold Assault         Tloc           0%         N/A       100%        5
 Metabolic Englaciation   Hex/Ice        0%         N/A       100%        5
 Conjure Ball Lightning   Conj/Air       0%         3x3d6     100%        6
 Death Channel            Necr           0%         N/A       100%        6
 Simulacrum               Ice/Necr       0%         N/A       100%        6
 Starburst                Conj/Fire      0%         6d3       100%        6
 Statue Form              Tmut/Erth      0%         N/A       100%        6
 Discord                  Hex            0%         N/A       100%        8
 Disjunction              Tloc           0%         N/A       100%        8
 Ignition                 Fire           0%         3d3       100%        8
 Chain Lightning          Conj/Air       0%         N/A       100%        9
 Fire Storm               Conj/Fire      0%         5d1       100%        9
 Shatter                  Erth           0%         3d5*      100%        9


Dungeon Overview and Level Annotations

Branches:
Dungeon (15/15)            Temple (0/1) D:7            Lair (6/6) D:11
 Shoals (3/4) Lair:3       Spider (0/4) Lair:2        Slime (0/5) Lair:5
    Orc (2/2) D:11            Elf (0/3) Orc:2        Vaults (0/5) D:13
 Depths (0/4) D:15        Ossuary (visited)          Bailey (visited)
Volcano (visited)

Altars:
Ashenzari
Cheibriados
Dithmenos
Elyvilon
Fedhas
Gozag
Hepliaklqana
Kikubaaqudgha
Nemelex Xobeh
Qazlal
Ru
Trog
Wu Jian
Xom
Beogh

Shops:
D:1 *   D:2 ?   D:6 *   D:9 *   D:14 !   Orc:2 !([!

Annotations:
D:6 1 exclusion
D:10 3 runed translucent doors, MiltankisOP's ghost, journeyman DrTm
Lair:2 exclusion: oklob plant


Innate Abilities, Weirdness & Mutations

You cannot wear most types of armour.
You are amphibious.
You can wear up to eight rings at the same time.
Your skin changes colour to match your surroundings (Stealth+).
Your rubbery body absorbs attacks. (AC +1, EV +1)
You are camouflaged when in or above water. (Stealth+)
You have tentacles for arms and can constrict up to eight enemies at once.
One of your tentacles bears a spike.
Your flesh is cold resistant. (rC+)


Message History

Trog accepts your kill.
You hear a splash. x2
You closely miss the merfolk. You barely miss the merfolk javelineer.
You slice the merfolk javelineer like a ripe choko!!!
You kill the merfolk javelineer!
Trog accepts your kill.
You hear a splash. x3
You slice the merfolk!!
You are no longer berserk.
You are exhausted.
You feel yourself slow down. You block the merfolk's attack.
Okay, then.
You feel much better.
You feel your willpower return.
A merfolk comes into view. It is wielding a +0 spear.
The merfolk hits you with a +0 trident!
* * * LOW HITPOINT WARNING * * *
Your skin crawls.
You feel strong-willed.
The merfolk hits you but does no damage.
The merfolk impaler closely misses you. The merfolk impaler barely misses you.
The merfolk closely misses you.
Okay, then.
You slice the merfolk!!
You kill the merfolk!
Trog accepts your kill.
You hear a splash. x2
The merfolk impaler completely misses you.
The merfolk impaler barely misses you. You block the merfolk's attack.
The merfolk impaler completely misses you.
Items here: ( ) [ †.
The merfolk closely misses you.
The merfolk impaler hits you from afar with a +1 trident of flaming!!
* * * LOW HITPOINT WARNING * * *
The merfolk impaler burns you!
* * * LOW HITPOINT WARNING * * *
The merfolk closely misses you.
The merfolk impaler hits you from afar with a +1 trident of flaming!
You die...

≈≈≈≈≈≈≈≈≈≈≈
≈≈≈≈≈≈≈≈≈≈≈≈
≈≈≈≈≈≈≈≈≈≈≈ ≈≈≈≈≈≈≈≈≈≈.
≈≈≈≈≈≈≈≈≈. ..≈
≈≈≈≈≈≈≈≈.# #..≈
≈≈≈≈≈≈≈≈.# ###.>≈≈
≈≈≈≈≈≈≈≈m# ####....≈≈≈
≈≈≈≈≈≈≈@.####....≈≈≈≈≈≈
≈≈≈≈≈≈≈))m...)≈≈≈≈≈≈≈≈≈
≈≈≈≈≈≈≈)≈)≈≈≈))≈≈≈≈≈≈≈≈
≈≈≈≈≈≈≈))≈)≈≈≈))≈≈≈≈≈≈≈
≈≈≈≈≈≈≈≈≈≈≈)≈≈≈≈≈≈≈≈≈≈≈
≈≈≈≈≈≈≈≈≈≈≈†≈≈≈≈≈≈≈≈≈≈≈
≈≈≈≈≈≈≈≈≈≈≈≈≈≈≈≈≈≈≈≈≈≈≈
≈≈≈≈≈≈≈≈≈≈≈≈≈≈≈≈≈≈≈≈≈≈≈
≈≈≈≈≈≈≈≈≈≈≈≈≈≈≈≈≈≈≈≈≈≈


You could see a merfolk impaler and a merfolk.

Vanquished Creatures
  Gastronok (Lair:3)
  A stone giant (Volcano)
  Nessos (D:13)
  2 dire elephants
  A fire dragon (D:13)
  A merfolk javelineer (Shoals:3)
  Josephine (Orc:1)
  3 merfolk impalers
  5 boulder beetles
  2 vault guards (D:13)
  An alligator snapping turtle (Shoals:1)
  12 hydras
  Erolcha (Orc:2)
  2 ogre magi (Orc:2)
  2 merfolk avatars
  3 centaur warriors
  9 merfolk aquamancers
  6 death yaks
  A catoblepas (Lair:6)
  13 two-headed ogres
  A deep troll shaman (Lair:6)
  3 tengu warriors (D:13)
  An orc high priest (Orc:1)
  Nergalle (Orc:1)
  Sonja (Orc:1)
  A skeletal warrior (D:13)
  3 sea snakes
  2 deep trolls (Orc:2)
  A wizard (D:13)
  An orange crystal statue (D:11)
  4 orc knights
  A lindwurm (Lair:6)
  6 harpies (Shoals:2)
  4 deep elf pyromancers
  A necromancer (D:13)
  An oklob plant (Lair:6)
  2 wolf spiders
  10 cyclopes
  2 orc sorcerers
  A salamander (D:15)
  16 ugly things
  13 fauns
  9 manticores
  Maurice (D:9)
  2 water nymphs
  24 elephants
  A molten gargoyle (Orc:1)
  7 black mambas
  An elephant (shapeshifter) (D:15)
  13 cane toads
  5 merfolk sirens
  A gargoyle (D:11)
  Maggie (D:6)
  14 komodo dragons
  3 efreet
  2 freezing wraiths (D:15)
  4 rime drakes
  A yaktaur (D:13)
  6 kobold demonologists
  A tengu conjurer (D:15)
  2 polar bears
  19 merfolk
  16 trolls
  Grinder (D:4)
  2 hornets
  A wind drake (Shoals:2)
  6 dream sheep
  6 slime creatures
  5 blink frogs (Lair:3)
  A meliai zombie (D:11)
  3 snapping turtles
  3 shadows (D:11)
  A centaur simulacrum (D:15)
  22 yaks
  A spriggan (D:9)
  6 wyverns
  A vampire (D:12)
  2 fire elementals
  6 wraiths
  Grum (D:10)
  5 basilisks
  12 fire bats
  13 water elementals
  20 humans (D:13)
  A basilisk (shapeshifter) (D:14)
  5 vampire mosquitoes
  4 wargs
  Edmund (D:4)
  An acid dragon (D:11)
  13 water moccasins
  2 hornet zombies
  An ice beast (D:6)
  30 orc warriors
  3 black bears
  3 necrophages (D:4)
  5 boggarts (D:14)
  46 wolves
  12 centaurs
  26 ogres
  A phantom (D:5)
  8 kobold brigands
  10 bullfrogs
  8 scorpions
  2 earth elementals (Volcano)
  4 water moccasin zombies
  4 wyvern zombies
  2 troll zombies (D:11)
  16 killer bees
  8 wights
  2 howler monkeys (D:9)
  4 electric eels
  11 lava snakes (Volcano)
  5 bullfrog zombies
  7 centaur zombies
  A hound (D:5)
  13 jellies (Lair:5)
  16 orc priests
  Crazy Yiuf (D:4)
  A gnoll shaman (D:7)
  A centaur skeleton (D:5)
  An iguana (D:4)
  21 orc wizards
  6 hell rats (Lair:5)
  4 killer bee zombies
  7 ogre zombies
  A hound skeleton (D:4)
  14 mummies
  2 howler monkey zombies
  4 adders
  5 gnolls (D:7)
  15 orc zombies
  2 shadow imps (D:5)
  A white imp (D:6)
  An ufetubus (D:6)
  An adder skeleton (D:4)
  An adder zombie (D:5)
  A worm (D:4)
  A dart slug (D:1)
  65 orcs
  10 endoplasms
  5 giant cockroaches
  4 goblins
  6 hobgoblins
  6 jackals
  23 kobolds
  A quokka (D:3)
  6 ball pythons
  7 bats
  3 frilled lizards
  4 goblin skeletons (D:11)
  2 goblin zombies (D:11)
  A hobgoblin skeleton (D:11)
  4 hobgoblin zombies
  A kobold zombie (D:6)
  An orc skeleton (D:11)
  9 rats
  A bush (Lair:6)
  A fungus (Lair:6)
  4 plants
925 creatures vanquished.

Vanquished Creatures (collateral kills)
  An endoplasm (D:1)
  A hobgoblin (D:1)
  A frilled lizard (D:1)
3 creatures vanquished.

Vanquished Creatures (others)
  A water nymph (Shoals:1)
  37 fungi
  64 plants
  8 withered plants (Ossuary)
110 creatures vanquished.

Grand Total: 1038 creatures vanquished

Notes
Turn   | Place    | Note
-------+----------+-------------------------------------------
     0 | D:1      | firemarshallily the Octopode Berserker began the quest for
                  | the Orb.
     0 | D:1      | Reached XP level 1. HP: 16/16 MP: 1/1
    43 | D:1      | Reached XP level 2. HP: 21/21 MP: 2/2
   263 | D:1      | Found a faded altar of an unknown god.
   337 | D:1      | Found Zoifo's General Store.
   572 | D:2      | Reached XP level 3. HP: 24/26 MP: 3/3
   623 | D:2      | Reached ** piety under Trog
   904 | D:2      | Found Uriagg's Magic Scroll Shop.
   907 | D:2      | Bought a scroll of identify for 28 gold pieces
   908 | D:2      | Bought a scroll of identify for 28 gold pieces
  1030 | D:2      | Reached XP level 4. HP: 30/33 MP: 4/4
  1272 | D:3      | Reached skill level 4 in Axes
  1527 | D:3      | Reached skill level 1 in Stealth
  1585 | D:3      | Reached *** piety under Trog
  1810 | D:4      | Reached XP level 5. HP: 34/37 MP: 5/5
  1866 | D:4      | Noticed Edmund
  2079 | D:4      | Noticed a necrophage
  2093 | D:4      | Killed a necrophage
  2094 | D:4      | Reached XP level 6. HP: 37/44 MP: 6/6
  2339 | D:4      | Identified a scroll of acquirement
  2339 | D:4      | Acquired a +1 buckler of reflection
  2358 | D:4      | Noticed a necrophage
  2381 | D:4      | Killed a necrophage
  2382 | D:4      | Reached skill level 5 in Axes
  2382 | D:4      | Reached skill level 1 in Shields
  2382 | D:4      | Reached XP level 7. HP: 43/49 MP: 7/7
  2564 | D:4      | Noticed Grinder
  2572 | D:4      | Killed Grinder
  2573 | D:4      | Reached skill level 5 in Fighting
  2768 | D:4      | Found a runed translucent door.
  2769 | D:4      | Noticed Crazy Yiuf
  2778 | D:4      | Killed Crazy Yiuf
  3130 | D:4      | Killed Edmund
  3130 | D:4      | Reached **** piety under Trog
  3131 | D:4      | Reached XP level 8. HP: 35/57 MP: 8/8
  3252 | D:4      | Found an ornate altar of the Wu Jian Council.
  3331 | D:5      | Entered Level 5 of the Dungeon
  3449 | D:5      | Found a transporter.
  3543 | D:5      | Found a transporter.
  3869 | D:5      | Reached skill level 6 in Axes
  4089 | D:5      | Reached skill level 5 in Dodging
  4249 | D:5      | Found a sparkling altar of Nemelex Xobeh.
  4588 | D:6      | Reached XP level 9. HP: 53/63 MP: 9/9
  4588 | D:6      | Noticed Maggie
  4834 | D:6      | Found a sand-covered staircase.
  4841 | Ossuary  | Entered an ossuary
  4869 | Ossuary  | Reached skill level 7 in Axes
  4877 | Ossuary  | Reached skill level 5 in Shields
  5376 | D:6      | Found a white marble altar of Elyvilon.
  5581 | D:6      | Acquired 838 gold pieces
  5710 | D:1      | Bought the +0 war axe of Ihedik {holy, Drain rC++ Will+}
                  | for 431 gold pieces
  5710 | D:1      | Bought a scroll of identify for 28 gold pieces
  5710 | D:1      | Bought 4 javelins for 44 gold pieces
  5866 | D:6      | Found an opulent altar of Gozag.
  5869 | D:6      | Found Gozag's Platinum Reserve.
  5930 | D:6      | Found a shadowy altar of Dithmenos.
  6007 | D:7      | Found a hazy altar of Hepliaklqana.
  6015 | D:7      | Reached skill level 8 in Axes
  6058 | D:7      | Found a shimmering altar of Xom.
  6297 | D:7      | Found a bloodstained altar of Trog.
  6316 | D:7      | Reached XP level 10. HP: 58/73 MP: 10/10
  6416 | D:7      | Reached ***** piety under Trog
  6505 | D:7      | Found a staircase to the Ecumenical Temple.
  6636 | D:7      | Found a blossoming altar of Fedhas.
  6636 | D:7      | Found a stormy altar of Qazlal.
  7415 | D:8      | Found a broken altar of Ashenzari.
  7684 | D:8      | Found a flagged portal.
  7708 | Bailey   | Entered a bailey
  7734 | Bailey   | Reached skill level 5 in Stealth
  7796 | Bailey   | Reached skill level 9 in Axes
  7873 | Bailey   | Noticed an orc knight
  8015 | Bailey   | Killed an orc knight
  8015 | Bailey   | Received a gift from Trog
  8016 | Bailey   | Reached skill level 1 in Throwing
  8089 | Bailey   | Found a large runed translucent door.
  8089 | Bailey   | Found a large runed translucent door.
  8242 | Bailey   | Noticed a deep elf pyromancer
  8279 | Bailey   | Killed a deep elf pyromancer
  8297 | Bailey   | Identified the +6 battleaxe of Duty {vorpal, rElec rC-
                  | Str+5 Stlth-}
  8630 | D:8      | Reached skill level 10 in Axes
  8630 | D:8      | Reached XP level 11. HP: 67/81 MP: 11/11
  8636 | D:8      | Reached skill level 10 in Fighting
  8959 | D:8      | Noticed a two-headed ogre
  8966 | D:8      | Killed a two-headed ogre
  9015 | D:8      | Found a snail-covered altar of Cheibriados.
  9044 | D:8      | Noticed a cyclops
  9063 | D:8      | Killed a cyclops
 10234 | D:9      | Found Cyoqat's General Store.
 10521 | D:9      | Found Ownal's Specific Store.
 10526 | D:9      | Bought a potion of mutation for 88 gold pieces
 10526 | D:9      | Bought a potion of haste for 110 gold pieces
 10530 | D:9      | Bought a scroll of magic mapping for 45 gold pieces
 10606 | D:9      | Reached skill level 11 in Axes
 10775 | D:9      | Noticed Maurice
 10781 | D:9      | Killed Maurice
 11196 | D:9      | Gained mutation: One of your tentacles bears a spike.
                  | [potion of mutation]
 11196 | D:9      | Gained mutation: Your flesh is cold resistant. (rC+)
                  | [potion of mutation]
 11332 | D:6      | Killed Maggie
 11408 | D:10     | Entered Level 10 of the Dungeon
 11510 | D:10     | Found an ancient bone altar of Kikubaaqudgha.
 11623 | D:10     | Found a runed translucent gate.
 11623 | D:10     | Found a runed translucent gate.
 11623 | D:10     | Found a runed translucent gate.
 11627 | D:10     | Noticed MiltankisOP's ghost (journeyman DrTm)
 11636 | D:10     | Noticed Grum
 11644 | D:10     | Killed Grum
 12207 | D:11     | Noticed a boulder beetle
 12211 | D:11     | Reached XP level 12. HP: 73/90 MP: 12/12
 12225 | D:11     | Killed a boulder beetle
 12225 | D:11     | Received a gift from Trog
 12405 | D:11     | Found a staircase to the Orcish Mines.
 12422 | D:11     | Reached skill level 12 in Axes
 12424 | D:11     | Noticed a soul eater
 12601 | D:11     | Identified the +6 hand axe of the Heart {vorpal, rPois
                  | rF+++ Str-5 Dex-3}
 12650 | D:11     | Acquired the +3 hat of Leaves {Dex+2}
 12782 | D:11     | Noticed a two-headed ogre
 12782 | D:11     | Noticed a boulder beetle
 12792 | D:11     | Killed a boulder beetle
 12792 | D:11     | Killed a two-headed ogre
 13065 | D:11     | Found a staircase to the Lair.
 13706 | D:12     | Noticed a sun demon
 13707 | D:12     | Reached skill level 13 in Axes
 14110 | Lair:1   | Entered Level 1 of the Lair of Beasts
 14119 | Lair:1   | Noticed a six-headed hydra
 14129 | Lair:1   | Killed an eight-headed hydra
 14130 | Lair:1   | Reached XP level 13. HP: 41/99 MP: 13/13
 14438 | Lair:1   | Identified the +6 quarterstaff of Welfare {venom, rElec rF+
                  | Will++ Int-4}
 15487 | Lair:2   | Found a hole to the Spider Nest.
 15497 | Lair:2   | Received a gift from Trog
 16722 | Lair:3   | Noticed Gastronok
 16730 | Lair:3   | Killed Gastronok
 16731 | Lair:3   | Reached skill level 14 in Axes
 17173 | Lair:3   | Found a staircase to the Shoals.
 17395 | Lair:3   | Reached skill level 10 in Stealth
 18504 | Lair:4   | Reached XP level 14. HP: 92/108 MP: 14/14
 18644 | Lair:4   | Reached skill level 15 in Axes
 18752 | Lair:4   | Reached skill level 15 in Fighting
 18858 | Lair:4   | Noticed a dire elephant
 18874 | Lair:4   | Killed a dire elephant
 20004 | Lair:5   | Found a staircase to the Slime Pits.
 20093 | Lair:5   | Received a gift from Trog
 20702 | Lair:6   | Entered Level 6 of the Lair of Beasts
 20846 | Lair:6   | Found a sacrificial altar of Ru.
 20922 | Lair:6   | Reached skill level 16 in Axes
 21390 | Lair:6   | Reached skill level 10 in Dodging
 22221 | Lair:6   | Noticed a dire elephant
 22232 | Lair:6   | Reached XP level 15. HP: 115/117 MP: 15/15
 22734 | Orc:1    | Entered Level 1 of the Orcish Mines
 22767 | Orc:1    | Found a dark tunnel.
 22775 | Volcano  | Entered a volcano
 22997 | Volcano  | Received a gift from Trog
 23003 | Volcano  | Reached skill level 17 in Axes
 23004 | Volcano  | Found a bloodstained altar of Trog.
 23749 | Orc:1    | Noticed Sonja
 23756 | Orc:1    | Killed Sonja
 23940 | Orc:1    | Noticed Josephine
 23952 | Orc:1    | Killed Josephine
 24008 | Orc:1    | Noticed Nergalle
 24022 | Orc:1    | Killed Nergalle
 24103 | Orc:2    | Entered Level 2 of the Orcish Mines
 24125 | Orc:2    | Received a gift from Trog
 24136 | Orc:2    | Reached ****** piety under Trog
 24152 | Orc:2    | Found Baogi's Weapon Shoppe.
 24221 | Orc:2    | Noticed Erolcha
 24225 | Orc:2    | Found Uvvad's Distillery.
 24391 | Orc:2    | Killed Erolcha
 24410 | Orc:2    | Found Hirepn's Distillery.
 24482 | Orc:2    | Found a staircase to the Elven Halls.
 24578 | Orc:2    | Found Tacaw's Armour Shop.
 24581 | Orc:2    | Bought a potion of cancellation for 104 gold pieces
 24581 | Orc:2    | Bought 2 potions of invisibility for 208 gold pieces
 24581 | Orc:2    | Bought a potion of might for 52 gold pieces
 24581 | Orc:2    | Bought a potion of lignification for 39 gold pieces
 24581 | Orc:2    | Bought a potion of heal wounds for 65 gold pieces
 24597 | Orc:2    | Bought a potion of lignification for 39 gold pieces
 24597 | Orc:2    | Bought a potion of might for 52 gold pieces
 24597 | Orc:2    | Bought a potion of heal wounds for 65 gold pieces
 24597 | Orc:2    | Bought a potion of heal wounds for 65 gold pieces
 24597 | Orc:2    | Bought a potion of curing for 39 gold pieces
 24597 | Orc:2    | Bought a potion of mutation for 104 gold pieces
 24925 | D:13     | Noticed Nessos
 24932 | D:13     | Killed Nessos
 25126 | D:13     | Reached skill level 18 in Axes
 25126 | D:13     | Reached skill level 1 in Evocations
 25180 | D:13     | Reached XP level 16. HP: 69/125 MP: 16/16
 25812 | D:13     | Found a gate to the Vaults.
 26115 | D:13     | You are sucked into a shaft and drop 1 floor!
 26152 | D:14     | HP: 5/126 [white ugly thing (31)]
 26654 | D:14     | Received a gift from Trog
 26713 | D:14     | Found Cixes's Distillery.
 26721 | D:14     | Bought a potion of curing for 39 gold pieces
 26721 | D:14     | Bought a potion of invisibility for 104 gold pieces
 26721 | D:14     | Bought a potion of heal wounds for 65 gold pieces
 26721 | D:14     | Bought 2 potions of curing for 78 gold pieces
 26721 | D:14     | Bought a potion of lignification for 39 gold pieces
 26721 | D:14     | Bought a potion of haste for 130 gold pieces
 26721 | D:14     | Bought a potion of invisibility for 104 gold pieces
 27425 | D:14     | Found a sacrificial altar of Ru.
 27635 | D:15     | Entered Level 15 of the Dungeon
 27766 | D:15     | Reached skill level 5 in Evocations
 27800 | D:15     | Reached skill level 19 in Axes
 28479 | D:15     | Identified the +8 hunting sling of Inquiry {freeze, +Blink
                  | rPois Str+4 Dex-2}
 28598 | D:15     | Received a gift from Trog
 28676 | D:15     | Found a staircase to the Depths.
 29304 | Shoals:1 | Entered Level 1 of the Shoals
 30293 | Shoals:1 | Reached XP level 17. HP: 54/133 MP: 17/17
 30667 | Shoals:1 | Identified the +0 hand axe of Goisegej {protect, rN+ SInv
                  | Stlth-}
 30926 | Shoals:2 | Reached skill level 20 in Axes
 31587 | Shoals:2 | Reached skill level 1 in Invocations
 32007 | Shoals:2 | Received a gift from Trog
 32684 | Shoals:3 | HP: 6/135 [merfolk impaler/+1 trident of flaming (8)]
 32684 | Shoals:3 | Slain by a merfolk impaler

Illustrated notes

Levels and vault maps discovered:
D:1:      minmay_arrival_shoal_huts, layout_rooms, serial_shops, shop,
          hellmonk_ecumenical_altar_pennies_from_heaven
D:2:      layout_loops_ring, serial_shops, shop
D:3:      layout_rooms
D:4:      layout_loops_ring, pdpol_wu_jian_five_deadly_venoms, minmay_vboxes,
          uniq_grinder, uniq_crazy_yiuf_cottage, uniq_edmund
D:5:      gammafunk_cloud_chamber, layout_basic, nemelex_dance_club_becter
D:6:      layout_rooms, general_overflow_altar, nicolae_elyvilon_temple_path,
          nicolae_gozag_zags_fifth_avenue, nicolae_ossuary_entry_giza,
          uniq_maggie
D:7:      layout_loops_corners, grunt_temple_overflow_forces_of_nature,
          nicolae_overflow_crystal_walls, mainiacjoe_overflow_alcove_2,
          old_standard_altar, minmay_temple_entry_glass
D:8:      layout_loops_ring, cheibrodos_ashenzari_chains, kennysheep_mini_moat,
          enter_bailey_6, fountainhead, minmay_sticks_and_stones
D:9:      layout_basic, nicolae_specific_store, the_hattery, uniq_maurice
D:10:     layout_gridville, kennysheep_mini, gammafunk_ghost_necromancy,
          uniq_grum
D:11:     minmay_statue_hallways, layout_gridville, erik_lair_dragon,
          zombieorc2_lemuel, grunt_ministairs_15, minivault_19
D:12:     layout_irregular_city, grunt_ministairs_10
D:13:     hangedman_cross_stitches, layout_cave_pods, grunt_vaults_entry_tiered,
          serial_column_ruins, column_ruins_hut_ruined, column_ruins_hut,
          column_ruins_grid_1, column_ruins_columns_straight,
          column_ruins_open_tiny, column_ruins_open_tiny,
          column_ruins_open_small_water, uniq_nessos
D:14:     layout_loops_cross, gauntlet_entry_generic, serial_shops, shop,
          nicolae_ru_the_path_less_chosen, minmay_orc_keep
D:15:     hangedman_depths_entry_try_elsewhere_first, layout_basic,
          minmay_stone_trees_medium, chequers_decorated_corner, st_stairs_5,
          palyth_stone_intersect, dk_noncrumbling_3
Lair:1:   layout_gridlike, serial_bayou_shore_b, serial_bayou_shore_a
Lair:2:   layout_loops_ring, nicolae_spider_entry_non_spiders,
          serial_bayou_shore_b
Lair:3:   nzn_winding_woodlands_stair_cross
          [nzn_winding_woodlands_5x15_split_checker,
          nzn_winding_woodlands_center_pierced_h,
          nzn_winding_woodlands_5x15_pathside_ponds,
          nzn_winding_woodlands_hourglass,
          nzn_winding_woodlands_5x5_closed_star,
          nzn_winding_woodlands_5x15_pockets,
          nzn_winding_woodlands_center_diamonds,
          nzn_winding_woodlands_5x15_lazy_stream], layout_loops_ring,
          minmay_shoals_entry_lonely_mermaid, st_stairs_12, lemuel_fruit_tree,
          uniq_gastronok
Lair:4:   beast_lair_carwin_large_3, layout_layer_cave, minivault_25,
          eino_small_chamber_without_monster, nicolae_lair_run_with_the_wolves
Lair:5:   layout_cave_pods, minmay_slime_entry_jelly_boxes, grunt_megastairs_1
Lair:6:   grunt_lair_end_beastmaster, layout_gridlike, lemuel_oklob_altar,
          grunt_megastairs_4
Shoals:1: cheibrodos_shoals_baths, layout_shoals, nicolae_shoals_aquamancer_cove
Shoals:2: layout_shoals
Shoals:3: layout_shoals, serial_shops, nicolae_shop_trees
Orc:1:    layout_caves, lightli_volcano_entry_magma_tube, nicolae_orc_lava_tube,
          kennysheep_orc_chapel, uniq_nergalle, uniq_sonja, uniq_josephine
Orc:2:    st_orc_open, layout_caves, uniq_erolcha

Skill      XL: |  1  2  3  4  5  6  7  8  9 10 11 12 13 14 15 16 17 |
---------------+----------------------------------------------------+-----
Axes           | 4 5 6 8 10 11 13 14 16 18 19 20 | 20.0
Fighting       | 4 5 6 8 9 11 13 14 15 16 17 18 | 18.5
Stealth        | 1 2 3 4 5 8 10 | 10.0
Dodging        | 4 5 6 7 8 9 10 12 | 12.0
Shields        | 1 3 4 5 |  5.0
Throwing       | 1 |  1.0
Evocations     | 1 5 |  5.0
Invocations    | 4 |  4.7

Action                   |  1- 3 |  4- 6 |  7- 9 | 10-12 | 13-15 | 16-18 || total
-------------------------+-------+-------+-------+-------+-------+-------++-------
Melee: Hand axe          |    55 |    98 |   194 |       |       |       ||   347
       Constrict         |    16 |    29 |    52 |    58 |    78 |    78 ||   311
       Tentacles         |    10 |    19 |    74 |    78 |   164 |   100 ||   445
       Punch             |     1 |     3 |     3 |     9 |     6 |     4 ||    26
       War axe           |       |       |    38 |   214 |       |       ||   252
       Battleaxe         |       |       |       |   131 |   604 |   371 ||  1106
       Kick              |       |       |       |    49 |   241 |   166 ||   456
Throw: Stone             |       |       |       |   108 |       |       ||   108
       Dart              |       |       |       |    28 |     1 |       ||    29
       Javelin           |       |       |       |    13 |     6 |     7 ||    26
       Throwing net      |       |       |       |     1 |       |       ||     1
Invok: Berserk           |       |       |       |     5 |     2 |     3 ||    10
       Trog's Hand       |       |       |       |       |       |     1 ||     1
Evoke: Wand              |       |       |       |     2 |     1 |       ||     3
  Use: Scroll            |     4 |     4 |     9 |    11 |     6 |     1 ||    35
       Potion            |       |       |     5 |     2 |       |     4 ||    11
 Stab: Sleeping          |     6 |     6 |    10 |    23 |    33 |    13 ||    91
       Distracted        |     1 |       |     1 |     2 |       |     1 ||     5
       Petrified         |       |       |       |       |     3 |       ||     3
Armor: Skin              |    12 |    20 |    22 |    44 |    92 |    49 ||   239
Dodge: Dodged            |    33 |    44 |    88 |   210 |   524 |   327 ||  1226
Block: Buckler           |       |     3 |   114 |   101 |       |       ||   218
       Other             |       |       |       |    40 |   121 |    75 ||   236
       Reflection        |       |       |       |     2 |     4 |    11 ||    17
